 Dungeon Crawl Stone Soup version 0.30-a0-121-gb27577e5d9 (webtiles) character file.

Game seed: 15379363060606124351

93 Newt the Trooper (level 4, -3/37 HPs)
             Began as a Demonspawn Gladiator on Sept 14, 2022.
             Splashed by a jelly's acid (7 damage)
             ... on level 6 of the Dungeon.
             The game lasted 00:03:03 (2897 turns).

Newt the Trooper (Demonspawn Gladiator)             Turns: 2897, Time: 00:03:04

Health: -3/37      AC:  3    Str: 17    XL:     4   Next: 37%
Magic:  18/18      EV: 12    Int:  9    God:
Gold:   53         SH:  0    Dex: 14    Spells: 3/3 levels left

rFire   . . .      SeeInvis .    o - +1 whip (venom)
rCold   . . .      Faith    +    (no shield)
rNeg    . . .      Spirit   .    b - +0 leather armour
rPois   .          Reflect  .    (helmet restricted)
rElec   .          Harm     .    (no cloak)
rCorr   .          Rampage  .    (no gloves)
Will    .....                    (no boots)
Stlth   ++........               n
                                   - Hermit's pendant {Faith invo=14 evo=0 MP+5}
HPRegen 0.12/turn                (no ring)
MPRegen 0.16/turn                (no ring)

@: no status effects
A: antennae 2
a: no special abilities


You were on level 6 of the Dungeon.
You visited 1 branch of the dungeon, and saw 4 of its levels.

You collected 53 gold pieces.

Inventory:

Hand Weapons
 a - a +0 rapier
 o - a +1 whip of venom (weapon)
Missiles
 d - 3 throwing nets (quivered)
 e - a javelin
 j - 5 silver javelins
 m - 6 poisoned darts
Armour
 b - a +0 leather armour (worn)
 c - a +0 helmet
Jewellery
 f - a +6 ring of dexterity
 n - the Hermit's pendant (around neck) {Faith invo=14 evo=0 MP+5}
   (You found it on level 2 of the Dungeon)

   [amulet of faith]

   It sets your invocations skill to 14 and your evocations skill to 0.
   It allows you to gain divine favour quickly.
   MP:        It affects your magic capacity (+5).
Scrolls
 g - a scroll of fog
Potions
 h - 2 potions of degeneration {unknown}
 i - a potion of lignification {unknown}
 k - 2 potions of curing {unknown}
 l - a potion of flight {unknown}


   Skills:
 - Level 4.0 Fighting
 - Level 2.6 Short Blades
 + Level 0.5 Maces & Flails
 - Level 1.7 Throwing
 - Level 2.6 Dodging
 - Level 2.0 Stealth


You had 3 spell levels left.
You didn't know any spells.
Your spell library contained the following spells:

 Spells                   Type           Power      Damage    Failure   Level
 Foxfire                  Conj/Fire      0%         2x1d4     45%         1
 Inner Flame              Hex/Fire       0%         N/A       83%         3
 Kindle Blastsparks       Fire/Tloc/Air  0%         2d10      83%         3
 Flame Wave               Conj/Fire      0%         2d4       99%         4
 Fulminant Prism          Conj/Hex       0%         3d6       99%         4
 Iskenderun's Mystic Bla  Conj/Tloc      0%         2d3       99%         4
 Lee's Rapid Deconstruct  Erth           0%         3d5*      100%        5


Dungeon Overview and Level Annotations

Branches:
Dungeon (3/15)

Altars:


Innate Abilities, Weirdness & Mutations

You have a pair of antennae on your head.


Message History

You closely miss the iguana.
The iguana is heavily wounded.
The iguana barely misses you.
You hit the iguana but do no damage.
The iguana looks as sick as possible!
The iguana is severely wounded.
The iguana bites you!
You hit the iguana but do no damage.
The iguana looks as sick as possible!
The iguana is almost dead.
The iguana completely misses you.
You barely miss the iguana.
The iguana is almost dead.
You kill the iguana!
Training target 4.0 for Fighting reached!
Your Fighting skill increases to level 4!
You need to enable at least one skill for training.
You hear the slow rusting of a very distant drain.
You hear the slow rusting of a very distant drain.
You sense a monster nearby.
A jelly comes into view.
The jelly quivers.
The jelly closely misses you.
You see here an iguana corpse.
You hit the jelly.
Your hands burn!
The jelly is lightly wounded.
The jelly hits you.
You are splashed with acid!
You whack the jelly!
The jelly is poisoned.
Your hands burn!
The jelly is severely wounded.
The jelly hits you.
You are splashed with acid!
* * * LOW HITPOINT WARNING * * *
You are too injured to fight recklessly!
You are too injured to fight recklessly!
Unknown command.
You hit the jelly.
Your hands burn!
* * * LOW HITPOINT WARNING * * *
The jelly is almost dead.
The jelly jiggles.
The jelly hits you.
* * * LOW HITPOINT WARNING * * *
You are splashed with acid!
You die...

######.... .........#
.........# .........
.. ......... .## .#
........##..##.#
........J.......
.......@#.....
.....##.#...# #
####.##.#...##.#
#.##........#
.######.####...####
..................###
.######.####.|.......
#.# #...#.#### # ##
##.# #<...>.#


You could see a jelly (very poisoned).

Vanquished Creatures
  An iguana (D:6)
  2 adders (D:2)
  A worm (D:2)
  A dart slug (D:2)
  2 ball pythons (D:1)
  7 bats
  3 endoplasms
  A giant cockroach (D:2)
  2 goblins (D:1)
  2 hobgoblins
  5 jackals (D:1)
  5 kobolds
  3 quokkas
  4 frilled lizards
  7 rats (D:2)
46 creatures vanquished.

Notes
Turn   | Place    | Note
-------+----------+-------------------------------------------
     0 | D:1      | Newt the Demonspawn Gladiator began the quest for the Orb.
     0 | D:1      | Reached XP level 1. HP: 16/16 MP: 1/1
   348 | D:1      | Reached skill level 1 in Stealth
   380 | D:1      | Gained mutation: You have a pair of small antennae on your
                  | head. [demonic ancestry]
   380 | D:1      | Reached XP level 2. HP: 19/22 MP: 2/2
   645 | D:1      | Found a faded altar of an unknown god.
  1365 | D:2      | Gained mutation: You have a pair of antennae on your head.
                  | [demonic ancestry]
  1365 | D:2      | Reached XP level 3. HP: 28/28 MP: 3/3
  1419 | D:2      | Reached skill level 3 in Fighting
  2257 | D:2      | Found the Hermit's pendant {Faith invo=14 evo=0 MP+5}
  2428 | D:2      | Reached XP level 4. HP: 36/37 MP: 13/13
  2758 | D:3      | You fall into a shaft and drop 3 floors!
  2791 | D:6      | Reached skill level 4 in Fighting
  2897 | D:6      | Splashed by a jelly's acid

Illustrated notes

Levels and vault maps discovered:
D:1:      scummos_arrival_simple_fountains, layout_loops_corners,
          ebering_ecumenical_altar_ruins
D:2:      layout_loops_corners, kennysheep_big_empty_room,
          kennysheep_generic_room_13
D:3:      layout_loops_ring, mainiacjoe_overflow_swirl,
          minmay_goblin_kobold_house
D:6:      layout_loops_ring, nemelex_dance_club_becter,
          cheibrodos_sewer_entry_drain, minmay_misc_feat_cross,
          kennysheep_generic_room_11

Skill      XL: |  1  2  3  4 |
---------------+-------------+-----
Stealth        | 1 2 |  2.0
Fighting       | 3 4 |  4.0
Short Blades   | |  2.6
Maces & Flails | |  0.5
Throwing       | |  1.7
Dodging        | |  2.6

Action                   |  1- 3 |  4- 6 || total
-------------------------+-------+-------++-------
Melee: Rapier            |   131 |     4 ||   135
       Punch             |     1 |       ||     1
       Whip              |       |    10 ||    10
  Use: Scroll            |     4 |       ||     4
 Stab: Sleeping          |     8 |       ||     8
Armor: Leather armour    |    38 |       ||    38
Dodge: Dodged            |    87 |     7 ||    94

Table legend: (Time is in decaauts)
 A = Elapsed time spent in this place.
 B = Non-inter-level travel time spent in this place.
 C = Inter-level travel time spent in this place.
 D = Time resting spent in this place.
 E = Time spent auto-exploring this place.
 F = Levels seen in this place.
 G = Mean time per level.
                   A        B        C        D        E       F      G
               +--------+--------+--------+--------+--------+-----+--------+
         Total |   2906 |   2814 |     92 |      0 |   2445 |   4 |  726.5 |
       Dungeon |   2906 |   2814 |     92 |      0 |   2445 |   4 |  726.5 |
               +--------+--------+--------+--------+--------+-----+--------+

Top non-repeatable levels by time:
     D:2: 1504 daAuts
     D:1: 1262 daAuts
     D:6: 139 daAuts
